 Dungeon Crawl Stone Soup version 0.30-a0-1163-gf69bf04e7a (webtiles) character file.

Game seed: 12026569268274446299

95 Demosthentine the Poker (level 4, -1/34 HPs)
             Began as a Demonspawn Gladiator on Apr 28, 2023.
             Slain by a gnoll
             ... wielding a +0 spear
              (2 damage)
             ... on level 3 of the Dungeon.
             The game lasted 00:02:01 (1671 turns).

Demosthentine the Poker (Demonspawn Gladiator)      Turns: 1671, Time: 00:02:02

Health: -1/34      AC:  5    Str: 23    XL:     4   Next: 40%
Magic:  4/4        EV: 12    Int:  9    God:
Gold:   25         SH:  9    Dex: 14    Spells: 3/3 levels left

rFire   . . .        a - +1 trident
rCold   . . .        (no shield)
rNeg    . . .        b - +0 leather armour
rPois   .            c - +1 helmet
rElec   .            (no cloak)
rCorr   .            (no gloves)
SInv    .            (no boots)
Will    .....        l - amulet of reflection
Stlth   +            f - +6 ring of strength
HPRegen 0.25/turn    (no ring)
MPRegen 0.09/turn

%: reflection
@: no status effects
A: condensation shield
a: no special abilities


You were on level 3 of the Dungeon.
You visited 1 branch of the dungeon, and saw 3 of its levels.

You collected 97 gold pieces.
You spent 72 gold pieces at shops.

Inventory:

Hand Weapons
 a - a +1 trident (weapon)
Missiles
 d - 2 throwing nets (quivered)
 e - a javelin
Armour
 b - a +0 leather armour (worn)
 c - a +1 helmet (worn)
Jewellery
 f - a +6 ring of strength (left hand)
 l - an amulet of reflection (around neck)
Scrolls
 q - a scroll of teleportation
Potions
 j - a potion of mutation
 k - 3 potions of brilliance


   Skills:
 + Level 2.9 Fighting
 + Level 3.3 Polearms
 - Level 1.7 Throwing
 + Level 1.6 Armour
 + Level 3.2 Dodging


You had 3 spell levels left.
You didn't know any spells.
Your spell library was empty.

Dungeon Overview and Level Annotations

Branches:
Dungeon (3/15)

Altars:

Shops:
D:2 *


Innate Abilities, Weirdness & Mutations

A meltable shield of frost defends you. (SH +4)


Message History

The gnoll is heavily wounded.
You block the gnoll's attack.
You hit the gnoll but do no damage.
The gnoll is heavily wounded.
The gnoll hits you but does no damage.
You barely miss the gnoll.
The gnoll is heavily wounded.
The gnoll hits you with a +0 flail.
You closely miss the gnoll.
The gnoll is heavily wounded.
The gnoll hits you with a +0 flail.
You closely miss the gnoll.
The gnoll is heavily wounded.
You block the gnoll's attack.
You puncture the gnoll!
You kill the gnoll!
The gnoll hits you with a +0 whip!
* * * LOW HITPOINT WARNING * * *
You barely miss the gnoll. The gnoll hits you but does no damage.
The gnoll barely misses you.
You feel better. The gnoll closely misses you.
The gnoll hits you with a +0 whip.
* * * LOW HITPOINT WARNING * * *
Reach: a) +1 trident
Press: ? - help, Dir - move target, f/p - gnoll
Aim: a gnoll, wielding a +0 spear (severely wounded, about 36% to evade your +1 trident)
You reach to attack!
You barely miss the gnoll.
The gnoll is severely wounded.
You block the gnoll's attack. The gnoll hits you with a +0 whip!
* * * LOW HITPOINT WARNING * * *
Unknown command.
Okay, then.
Throw: 3 throwing nets
Press: ? - help, Q - select action, (/) - cycle Shift-Dir - straight line, f - gnoll, p - gnoll
Aim: a gnoll, wielding a +0 whip (63% to hit)
You throw a throwing net. The throwing net hits the gnoll.
The gnoll is caught in the net!
The gnoll struggles against the net.
The gnoll hits you from afar with a +0 spear.
You die...

####....#....####
#......##.......#
........##.#..##.#
.#......##.##..#.#
........##.###.#.#
.###......##.###.#.#####
..........#..#.........#
...#......#.##.........#
..........#@##.........#
..........#g############
.....$...##g#####
...........g....#
.........†......#
..##...$........#
####.....<...#
#.......^.# ###########


You could see 3 gnolls.

Vanquished Creatures
  2 adders
  A gnoll (D:3)
  A worm (D:2)
  2 dart slugs (D:1)
  3 orcs (D:2)
  4 bats
  3 endoplasms
  2 giant cockroaches
  5 goblins
  6 hobgoblins
  3 jackals (D:1)
  7 quokkas
  3 ball pythons
  4 frilled lizards
  2 kobolds (D:2)
  5 rats
53 creatures vanquished.

Notes
Turn   | Place    | Note
-------+----------+-------------------------------------------
     0 | D:1      | Demosthentine the Demonspawn Gladiator began the quest for
                  | the Orb.
     0 | D:1      | Reached XP level 1. HP: 16/16 MP: 1/1
   106 | D:1      | Gained mutation: A meltable shield of frost defends you.
                  | (SH +4) [demonic ancestry]
   106 | D:1      | Reached XP level 2. HP: 21/22 MP: 2/2
   388 | D:1      | Reached skill level 1 in Armour
   475 | D:1      | Reached XP level 3. HP: 28/28 MP: 3/3
   865 | D:2      | Identified the +1 spear of Breach {venom, Fly rF+ Int+2}
  1231 | D:2      | Reached XP level 4. HP: 34/34 MP: 4/4
  1242 | D:2      | Found Vaness's General Store.
  1264 | D:2      | Bought a potion of curing for 36 gold pieces
  1264 | D:2      | Bought a scroll of teleportation for 36 gold pieces
  1670 | D:3      | HP: 1/34 [gnoll/+0 whip (9)]
  1671 | D:3      | Slain by a gnoll

Illustrated notes

Levels and vault maps discovered:
D:1:      dpeg_arrival_round_c, layout_rooms
D:2:      layout_loops_corners, serial_shops, shop_statue
D:3:      layout_rooms, general_overflow_altar

Skill      XL: |  1  2 |
---------------+-------+-----
Polearms       | 3 |  3.3
Armour         | 1 |  1.6
Dodging        | 3 |  3.2
Fighting       | |  2.9
Throwing       | |  1.7

Action                     |  1- 3 |  4- 6 || total
---------------------------+-------+-------++-------
  Melee: Trident           |   159 |    43 ||   202
  Throw: Throwing net      |       |     1 ||     1
    Use: Scroll            |     4 |     7 ||    11
         Potion            |       |     2 ||     2
   Stab: Sleeping          |     1 |     1 ||     2
 Armour: Leather armour    |    23 |    12 ||    35
  Dodge: Dodged            |    61 |    16 ||    77
  Block: Other             |    32 |    24 ||    56

Table legend: (Time is in decaauts)
 A = Elapsed time spent in this place.
 B = Non-inter-level travel time spent in this place.
 C = Inter-level travel time spent in this place.
 D = Time resting spent in this place.
 E = Time spent auto-exploring this place.
 F = Levels seen in this place.
 G = Mean time per level.
                   A        B        C        D        E       F      G
               +--------+--------+--------+--------+--------+-----+--------+
         Total |   1701 |   1647 |     54 |      0 |   1253 |   3 |  567.0 |
       Dungeon |   1701 |   1647 |     54 |      0 |   1253 |   3 |  567.0 |
               +--------+--------+--------+--------+--------+-----+--------+

Top non-repeatable levels by time:
     D:2: 878 daAuts
     D:1: 742 daAuts
     D:3: 80 daAuts
